 Dungeon Crawl Stone Soup version 0.30-a0-135-g630cfc4551 (webtiles) character file.

Game seed: 4072610379780882050

278 voltaire321 the Sneak (level 6, -1/39 HPs)
             Began as an Octopode Earth Elementalist on Sept 20, 2022.
             Slain by an orc
             ... wielding a +0 war axe
              (8 damage)
             ... on level 4 of the Dungeon.
             The game lasted 00:08:27 (3252 turns).

voltaire321 the Sneak (Octopode Earth Elementalist) Turns: 3252, Time: 00:08:28

Health: -1/39      AC:  1    Str:  8    XL:     6   Next: 26%
Magic:  8/10       EV: 13    Int: 19    God:
Gold:   206        SH:  0    Dex: 12    Spells: 4/10 levels left

rFire   . . .      SeeInvis .    e - +0 whip (elec)
rCold   . . .      Faith    .    (no shield)
rNeg    . . .      Spirit   .    (helmet restricted)
rPois   .          Reflect  .    (no amulet)
rElec   .          Harm     .    (no ring)
rCorr   .          Rampage  .    (no ring)
Will    .....                    (no ring)
Stlth   ++........               (no ring)
HPRegen 0.13/turn                (no ring)
MPRegen 0.12/turn                (no ring)
                                 (no ring)
                                 (no ring)

@: confused, lethally poisoned (-1 -> -7)
A: almost no armour, amphibious, 8 rings, camouflage 1, gelatinous body 1,
(nimble swimmer 1), tentacles
a: no special abilities


You were on level 4 of the Dungeon.
You visited 1 branch of the dungeon, and saw 4 of its levels.
You also visited: Sewer.

You collected 206 gold pieces.

Inventory:

Hand Weapons
 e - a +0 whip of electrocution (weapon)
Missiles
 v - a throwing net
Scrolls
 b - 2 scrolls of acquirement {unknown}
 c - 2 scrolls of enchant weapon {unknown}
 d - 2 scrolls of teleportation {unknown}
 h - a scroll of poison {unknown}
 i - 2 scrolls of identify {unknown}
 j - a scroll of silence {unknown}
 m - a scroll of vulnerability {unknown}
 n - 2 scrolls of immolation {unknown}
 o - 2 scrolls of fear {unknown}
 p - 2 scrolls of magic mapping {unknown}
 q - 2 scrolls of blinking
Potions
 a - 2 potions of magic
 f - a potion of heal wounds {unknown}
 g - a potion of berserk rage {unknown}
 k - a potion of mutation {unknown}
 l - a potion of resistance {unknown}
 r - a potion of brilliance {unknown}
 s - a potion of degeneration {unknown}
 t - a potion of haste {unknown}
 u - a potion of might {unknown}


   Skills:
 + Level 1.8 Fighting
 + Level 3.0 Dodging
 + Level 4.3 Stealth
 + Level 2.9 Spellcasting
 + Level 1.7 Conjurations
 - Level 2.0 Transmutations
 + Level 3.9 Earth Magic


You had 4 spell levels left.
You knew the following spells:

 Your Spells              Type           Power      Damage    Failure   Level
a - Sandblast             Erth           34%        2d9       3%          1
b - Passwall              Tmut/Erth      11%        N/A       7%          2
c - Stone Arrow           Conj/Erth      26%        3d8       14%         3

Your spell library contained the following spells:

 Spells                   Type           Power      Damage    Failure   Level
 Magic Dart               Conj           36%        1d4       8%          1
 Apportation              Tloc           4%         N/A       16%         1
 Necrotise                Necr           8%         1d4       16%         1
 Summon Small Mammal      Summ           8%         N/A       16%         1
 Call Imp                 Summ           2%         N/A       24%         2
 Mephitic Cloud           Conj/Pois/Air  5%         N/A       34%         3
 Petrify                  Tmut/Erth      14%        N/A       41%         4
 Call Canine Familiar     Summ           2%         N/A       43%         3
 Gell's Gravitas          Tloc           2%         N/A       43%         3
 Teleport Other           Tloc           2%         N/A       43%         3
 Dispersal                Tloc           1%         N/A       100%        6
 Spellforged Servitor     Conj/Summ      3%         N/A       100%        7


Dungeon Overview and Level Annotations

Branches:
Dungeon (4/15)              Sewer (visited)
 Temple: D:4-7

Altars:
Makhleb

Shops:
D:1 (


Innate Abilities, Weirdness & Mutations

You cannot wear most types of armour.
You are amphibious.
You can wear up to eight rings at the same time.
Your skin changes colour to match your surroundings (Stealth+).
Your rubbery body absorbs attacks. (AC +1, EV +1)
((You are camouflaged when in or above water. (Stealth+)))
You have tentacles for arms and can constrict up to eight enemies at once.


Message History

You hit the orc. You grab the orc.
The orc is moderately wounded.
You constrict the orc, but do no damage.
The orc hits you with a +0 dagger.
You hit the orc. Lightning courses through the orc!
You kill the orc!
You hit the orc. You grab the orc. You squeeze the orc.
You kill the orc!
You hear the slow hiss of a very distant avalanche of sand.
You closely miss the orc. Your grab misses the orc. You tentacle-slap the orc.
The orc is lightly wounded.
The orc hits you with a +0 war axe!
Casting: Sandblast (safe; 3% risk of failure)
Confirm with . or Enter, or press ? or * to list all spells.
Aiming: Sandblast (safe; 3% risk of failure)
Press: ? - help, Shift-Dir - straight line, f - orc
Aim: an orc, wielding a +0 war axe (lightly wounded, 82% to hit)
The blast of sand hits the orc.
The orc is heavily wounded.
Casting: Sandblast (safe; 3% risk of failure)
Confirm with . or Enter, or press ? or * to list all spells.
Aiming: Sandblast (safe; 3% risk of failure)
Press: ? - help, Shift-Dir - straight line, f/p - orc
Aim: an orc, wielding a +0 war axe (heavily wounded, 82% to hit)
The blast of sand misses the orc.
You hear some strange, mumbled words.
You are confused.
The orc barely misses you. The orc hits you with a +0 war axe.
You're too confused to cast spells.
Sorry, you're not good enough to have a special ability.
Unknown command.
You miss something. Something hits you.
You are poisoned.
The orc hits you with a +0 war axe.
* * * LOW HITPOINT WARNING * * *
You miss something.
* * * LOW HITPOINT WARNING * * *
You feel very sick. Something barely misses you.
The orc hits you with a +0 war axe!
You die...

#####+####
.........
#.......###
........{@#
........#o#
........#.#
.#...#+##.#
### ###.
##.####.# #..
# #.......#
#.#
##.##########
#.#
#..........#
#.#
##########.#
#.#


You could see an orc.

Vanquished Creatures
  2 bullfrogs (Sewer)
  6 adders
  A dart slug (D:2)
  6 orcs
  A bat (D:1)
  5 endoplasms
  9 giant cockroaches
  4 goblins
  7 hobgoblins
  2 jackals (D:2)
  11 quokkas
  9 ball pythons
  11 frilled lizards
  7 kobolds
  9 rats
90 creatures vanquished.

Notes
Turn   | Place    | Note
-------+----------+-------------------------------------------
     0 | D:1      | voltaire321 the Octopode Earth Elementalist began the quest
                  | for the Orb.
     0 | D:1      | Reached XP level 1. HP: 11/11 MP: 3/3
    59 | D:1      | Got the Atlas of Calling
    70 | D:1      | Found a faded altar of an unknown god.
   130 | D:1      | Found Ylafrirgh's Weapon Shoppe.
   187 | D:1      | Reached XP level 2. HP: 10/17 MP: 0/5
   189 | D:1      | Reached skill level 3 in Stealth
   484 | D:1      | Learned a level 2 spell: Passwall
   813 | D:1      | Reached XP level 3. HP: 22/22 MP: 6/6
  1094 | D:2      | Learned a level 3 spell: Stone Arrow
  1509 | D:2      | Reached XP level 4. HP: 27/27 MP: 7/7
  1549 | D:2      | Reached skill level 1 in Fighting
  1914 | D:3      | Found a glowing drain.
  1945 | Sewer    | Entered a sewer
  2020 | Sewer    | Noticed a bullfrog
  2022 | Sewer    | Noticed a bullfrog
  2265 | Sewer    | Reached skill level 1 in Conjurations
  2333 | Sewer    | Reached XP level 5. HP: 32/33 MP: 6/8
  2576 | Sewer    | Reached skill level 4 in Stealth
  2576 | Sewer    | Reached XP level 6. HP: 39/39 MP: 7/10
  2734 | D:3      | Found a burning altar of Makhleb.
  3252 | D:4      | Slain by an orc

Illustrated notes

Levels and vault maps discovered:
D:1:      minmay_arrival_up_and_down, layout_basic, serial_shops, shop,
          dreamdust_ecumenical_altar_angels_and_demons, corexii_leaking_fountain
D:2:      layout_rooms, minmay_pentomino_r2
D:3:      layout_rooms, overflow_temple_1_default, portal_sewer_entry_f
D:4:      layout_basic, gup_ossuary_entry_pyramid, kennysheep_another_room

Skill      XL: |  1  2  3  4  5 |
---------------+----------------+-----
Stealth        | 3 4 |  4.3
Fighting       | 1 |  1.8
Transmutations | 2 |  2.0
Conjurations   | 1 |  1.7
Dodging        | 3 |  3.0
Spellcasting   | |  2.9
Earth Magic    | |  3.9

Action                   |  1- 3 |  4- 6 || total
-------------------------+-------+-------++-------
Melee: Whip              |    28 |    78 ||   106
       Constrict         |     8 |    21 ||    29
       Unarmed           |     3 |       ||     3
       Tentacles         |     1 |    20 ||    21
       Punch             |       |     5 ||     5
 Cast: Sandblast         |    38 |    22 ||    60
 Stab: Sleeping          |     8 |    10 ||    18
Armor: Skin              |     5 |       ||     5
Dodge: Dodged            |    29 |    54 ||    83

Table legend: (Time is in decaauts)
 A = Elapsed time spent in this place.
 B = Non-inter-level travel time spent in this place.
 C = Inter-level travel time spent in this place.
 D = Time resting spent in this place.
 E = Time spent auto-exploring this place.
 F = Levels seen in this place.
 G = Mean time per level.
                   A        B        C        D        E       F      G
               +--------+--------+--------+--------+--------+-----+--------+
         Total |   3290 |   3238 |     52 |   1119 |   1347 |   5 |  658.0 |
       Dungeon |   2589 |   2537 |     52 |    753 |   1208 |   4 |  647.2 |
         Sewer |    701 |    701 |      0 |    366 |    139 |   1 |  701.0 |
               +--------+--------+--------+--------+--------+-----+--------+

Top non-repeatable levels by time:
     D:1: 1098 daAuts
     D:2: 817 daAuts
   Sewer: 701 daAuts
     D:3: 617 daAuts
     D:4: 56 daAuts
